[Event "EYCC Open U8 2018"]
[Site "Riga"]
[Date "2018.08.24"]
[Round "5"]
[White "Udipi, Kala Kishan"]
[Black "Uskov, Artem"]
[Result "0-1"]
[ECO "D46"]
[WhiteElo "1756"]
[BlackElo "1320"]
[Annotator "NA"]
[PlyCount "122"]
[EventDate "2018.08.20"]
[EventType "swiss"]
[EventCountry "LAT"]
[SourceTitle "playchess.com"]
[Source "ChessBase"]
[SourceQuality "1"]
[TimeControl "40/5400+30:1800+30"]

1. d4 d5 2. Nf3 Nf6 3. c4 e6 4. Nc3 c6 5. e3 Nbd7 6. Bd3 Bd6 7. cxd5 exd5 8. O-O O-O 9. Qc2 h6 10. b3 Nb6 11. a4 a5 12. Ba3 Be6 13. Bxd6 Qxd6 14. Ne2 Nbd7 15. Rac1 Rfc8 16. Qb2 b6 17. Rc2 c5 18. Rfc1 Rc7 19. Nf4 Rac8 20. Nxe6 fxe6 21. Ba6 Re8 22. Ne5 Rd8 23. Bd3 Nb8 24. Bg6 Na6 25. Qa3 Nb4 26. Rc3 Rdc8 27. h3 Ne4 28. Bxe4 dxe4 29. Qb2 Qd5 30. Qe2 Nc6 31. Nxc6 Rxc6 32. Qc2 e5 33. dxe5 Qxe5 34. Rc4 Re8 35. Qc3 Rd6 36. Qxe5 Rxe5 37. g4 Rd3 38. R1c3 Red5 39. Rc2 Rxb3 40. Rxe4 Rb4 41. Rcc4 Rd1+ 42. Kg2 Rdb1 43. Kf3 Rxc4 44. Rxc4 Rb4 45. Rf4 c4 46. e4 c3 47. Ke2 Rd4 48. Rf3 Rxe4+ 49. Kd3 Rxa4 50. Rf5 Rb4 51. Kxc3 b5 52. f3 g6 53. Rf6 Kg7 54. Ra6 Rf4 55. Ra7+ Rf7 56. Rxa5 Rxf3+ 57. Kd4 b4 58. Rb5 b3 59. Kc4 Rxh3 60. Rxb3 Rxb3 61. Kxb3 Kf6 0-1

[Event "EYCC Open U8 2018"]
[Site "Riga"]
[Date "2018.08.24"]
[Round "5"]
[White "Hajdu, Marton Abris"]
[Black "La Barbera, Manfredi"]
[Result "1-0"]
[ECO "C10"]
[WhiteElo "1694"]
[BlackElo "1212"]
[Annotator "NA"]
[PlyCount "87"]
[EventDate "2018.08.20"]
[EventType "swiss"]
[EventCountry "LAT"]
[SourceTitle "playchess.com"]
[Source "ChessBase"]
[SourceQuality "1"]
[TimeControl "40/5400+30:1800+30"]

1. e4 e6 2. d4 d5 3. Nc3 dxe4 4. Nxe4 Nd7 5. Nf3 Ngf6 6. Bg5 Be7 7. Nxf6+ Nxf6 8. c3 O-O 9. Bd3 b6 10. Qc2 h6 11. h4 Bb7 12. O-O-O a5 13. Bxf6 Bxf6 14. Rdg1 Bxf3 15. gxf3 Bxh4 16. Qd2 Kh8 17. Rg4 g5 18. Rhxh4 Kg7 19. Rh1 f5 20. Rg3 Qe7 21. f4 Kg6 22. fxg5 hxg5 23. f4 g4 24. Rxg4+ Kf6 25. Qh2 Rh8 26. Rh4 Rxh4 27. Qxh4+ Kf7 28. Qh7+ Ke8 29. Qg8+ Qf8 30. Qxe6+ Kd8 31. Bxf5 Qe8 32. Qxe8+ Kxe8 33. Rh8+ Kf7 34. Rxa8 Kf6 35. Kd2 Kxf5 36. Ke3 Ke6 37. Ke4 Kf6 38. f5 Ke7 39. Ke5 Kf7 40. f6 a4 41. Rc8 c5 42. Rc7+ Kf8 43. Ke6 cxd4 44. Rc8# 1-0

[Event "EYCC Open U8 2018"]
[Site "Riga"]
[Date "2018.08.24"]
[Round "5"]
[White "Averin, Nikolay"]
[Black "Gordeev, Denis"]
[Result "0-1"]
[ECO "B40"]
[WhiteElo "1438"]
[BlackElo "1333"]
[Annotator "NA"]
[PlyCount "132"]
[EventDate "2018.08.20"]
[EventType "swiss"]
[EventCountry "LAT"]
[SourceTitle "playchess.com"]
[Source "ChessBase"]
[SourceQuality "1"]
[TimeControl "40/5400+30:1800+30"]

1. e4 c5 2. Nf3 e6 3. d4 cxd4 4. Nxd4 Nf6 5. Nc3 Nc6 6. Ndb5 Bc5 7. Nd6+ Ke7 8. Nxc8+ Rxc8 9. Bd3 Qc7 10. O-O Rhd8 11. Bg5 a6 12. Bh4 b5 13. a3 d6 14. Re1 Ne5 15. Ne2 h6 16. Bg3 Nfd7 17. Rc1 Bb6 18. c3 Nc5 19. Bb1 d5 20. exd5 Rxd5 21. Nd4 Ncd7 22. Ba2 Rd6 23. Rxe5 Bxd4 24. Rxe6+ fxe6 25. Bxd6+ Qxd6 26. cxd4 Qxd4 27. Qe1 Rxc1 28. Qxc1 e5 29. h3 b4 30. axb4 Qxb4 31. Qc3 Qxc3 32. bxc3 Nc5 33. Bb1 Kd6 34. Kf1 Na4 35. Bd3 a5 36. Ke1 Nxc3 37. Kd2 Nd5 38. Kc1 Kc5 39. Kb2 Nf4 40. Bf1 Kd4 41. Kc2 e4 42. Kb3 Nd3 43. Ka4 Nxf2 44. Kxa5 Ke3 45. Kb5 Nd3 46. Kc4 Kf2 47. Bxd3 exd3 48. Kxd3 Kxg2 49. h4 Kg3 50. h5 Kg4 51. Ke2 Kxh5 52. Kf2 Kg4 53. Kg2 g5 54. Kh2 Kf3 55. Kg1 Kg3 56. Kh1 Kf2 57. Kh2 g4 58. Kh1 h5 59. Kh2 g3+ 60. Kh3 g2 61. Kh4 g1=Q 62. Kxh5 Kf3 63. Kh6 Kf4 64. Kh7 Kf5 65. Kh8 Kf6 66. Kh7 Qg7# 0-1

[Event "EYCC Open U8 2018"]
[Site "Riga"]
[Date "2018.08.24"]
[Round "5"]
[White "Motoyama, Wesley Winsen"]
[Black "Azadaliyev, Jahandar"]
[Result "0-1"]
[ECO "B10"]
[WhiteElo "1375"]
[BlackElo "1732"]
[Annotator "NA"]
[PlyCount "50"]
[EventDate "2018.08.20"]
[EventType "swiss"]
[EventCountry "LAT"]
[SourceTitle "playchess.com"]
[Source "ChessBase"]
[SourceQuality "1"]
[TimeControl "40/5400+30:1800+30"]

1. e4 c6 2. Nf3 d5 3. d3 Bg4 4. Nbd2 e6 5. Be2 Nd7 6. exd5 cxd5 7. d4 Bd6 8. O-O Ngf6 9. c4 O-O 10. c5 Bc7 11. h3 Bf5 12. Nh4 Ne4 13. Nxf5 exf5 14. Nxe4 fxe4 15. Qb3 Qc8 16. Qxd5 Nf6 17. Qb3 Rd8 18. Be3 Bb8 19. f4 Nd5 20. Bd2 Qc6 21. Bb5 Qf6 22. Kh1 Bc7 23. f5 Qxd4 24. Qc2 Qe5 25. Rae1 Qh2# 0-1

[Event "EYCC Open U8 2018"]
[Site "Riga"]
[Date "2018.08.24"]
[Round "5"]
[White "Yasmo, Daniil"]
[Black "Villa Tornero, Alex"]
[Result "1-0"]
[ECO "A46"]
[WhiteElo "1261"]
[BlackElo "1394"]
[Annotator "NA"]
[PlyCount "107"]
[EventDate "2018.08.20"]
[EventType "swiss"]
[EventCountry "LAT"]
[SourceTitle "playchess.com"]
[Source "ChessBase"]
[SourceQuality "1"]
[TimeControl "40/5400+30:1800+30"]

1. d4 Nf6 2. Nf3 c5 3. e3 d5 4. Be2 Nc6 5. O-O Bf5 6. a3 e6 7. dxc5 Bxc5 8. b4 Be7 9. Bb2 a6 10. Nbd2 O-O 11. c4 Ne4 12. Nxe4 dxe4 13. Nd4 Nxd4 14. Bxd4 Bf6 15. Bxf6 Qxf6 16. Qb3 Rfd8 17. Rad1 Qg5 18. Kh1 Rxd1 19. Rxd1 Rd8 20. Rxd8+ Qxd8 21. Qd1 Qxd1+ 22. Bxd1 Kf8 23. h4 e5 24. Bc2 g6 25. c5 Ke7 26. Kg1 Kd7 27. Ba4+ Kc7 28. Kf1 b6 29. cxb6+ Kxb6 30. Ke1 a5 31. Kd2 axb4 32. axb4 Be6 33. Kc3 f5 34. Bb3 Bd7 35. g3 Kc7 36. Bc4 Kd6 37. Ba6 f4 38. gxf4 exf4 39. exf4 Ke6 40. Kd4 Kf5 41. b5 Bxb5 42. Bxb5 Kxf4 43. Be2 h6 44. Bd1 g5 45. hxg5 hxg5 46. Be2 g4 47. Bxg4 Kxg4 48. Kxe4 Kg5 49. Ke5 Kg6 50. f4 Kf7 51. Kf5 Ke8 52. Ke6 Kf8 53. Kf6 Kg8 54. Ke7 1-0

[Event "EYCC Open U8 2018"]
[Site "Riga"]
[Date "2018.08.26"]
[Round "6"]
[White "Azadaliyev, Jahandar"]
[Black "Hajdu, Marton Abris"]
[Result "1/2-1/2"]
[ECO "D07"]
[WhiteElo "1732"]
[BlackElo "1694"]
[Annotator "NA"]
[PlyCount "99"]
[EventDate "2018.08.20"]
[EventType "swiss"]
[EventCountry "LAT"]
[SourceTitle "playchess.com"]
[Source "ChessBase"]
[SourceQuality "1"]
[TimeControl "40/5400+30:1800+30"]

1. d4 d5 2. c4 Nc6 3. e3 e5 4. dxe5 d4 5. exd4 Qxd4 6. Qxd4 Nxd4 7. Bd3 Ne7 8. Ne2 Bf5 9. Nxd4 Bxd3 10. Nc3 Bxc4 11. Be3 O-O-O 12. b3 Nd5 13. Nxd5 Bxd5 14. O-O Kb8 15. Rfd1 a6 16. f3 h6 17. Kf2 g6 18. g4 Bg7 19. f4 h5 20. g5 Rhe8 21. Rac1 Rd7 22. Rc2 Red8 23. Rcd2 Bf8 24. Ne2 Bb4 25. Rd3 Kc8 26. Nc3 Bxc3 27. Rxc3 Bc6 28. Rxd7 Rxd7 29. Ke2 Rd5 30. a4 Kd7 31. h3 Ke6 32. Bf2 Kf5 33. Be3 Rd7 34. Bc1 Bg2 35. Bd2 Bc6 36. Bc1 Rd4 37. Bd2 Rd7 38. Bc1 Bg2 39. Rg3 Be4 40. Rc3 Bd5 41. Bd2 Bc6 42. Bc1 Be4 43. Bd2 Bg2 44. Bc1 Bd5 45. Bd2 Be4 46. Bc1 Bc6 47. Bd2 Rd4 48. Be3 Rd5 49. Bd2 Rd4 50. Be3 {[%emt 0:00:07] Kxe5} 1/2-1/2

[Event "EYCC Open U8 2018"]
[Site "Riga"]
[Date "2018.08.26"]
[Round "6"]
[White "Zverev, Lev"]
[Black "Jaakkola, Niklas"]
[Result "1/2-1/2"]
[ECO "B07"]
[WhiteElo "1682"]
[BlackElo "1352"]
[Annotator "NA"]
[PlyCount "146"]
[EventDate "2018.08.20"]
[EventType "swiss"]
[EventCountry "LAT"]
[SourceTitle "playchess.com"]
[Source "ChessBase"]
[SourceQuality "1"]
[TimeControl "40/5400+30:1800+30"]

1. e4 d6 2. d4 Nf6 3. Nc3 g6 4. f3 c5 5. dxc5 dxc5 6. Qxd8+ Kxd8 7. Be3 e5 8. O-O-O+ Nbd7 9. Bc4 Ke7 10. Bg5 Bg7 11. Nd5+ Kf8 12. Bb5 h6 13. Be3 b6 14. Nc7 Rb8 15. Ne2 Ke7 16. Nc3 Bb7 17. Rd2 Rbc8 18. Bxd7 Rxc7 19. Bh3 a6 20. Na4 g5 21. Bf5 Rd8 22. Rxd8 Kxd8 23. Rd1+ Ke8 24. Nxb6 Bf8 25. Nc4 Nd7 26. Bxd7+ Rxd7 27. Nxe5 Rxd1+ 28. Kxd1 Bd6 29. Ng4 Bf8 30. Kd2 Bc8 31. Nf6+ Kd8 32. Kd3 Kc7 33. g3 Kc6 34. f4 gxf4 35. gxf4 Bg7 36. Nd5 Be6 37. Nc3 Bg4 38. f5 Be5 39. Bxh6 Bxh2 40. Bg7 Bh3 41. Ke3 Bg4 42. Nd5 Bh3 43. Nf4 Bg4 44. Ne2 Kd6 45. Bc3 Kc6 46. Kf2 Kd7 47. Bf6 Kd6 48. Ng3 Bd1 49. Kg2 Bxg3 50. Kxg3 Bxc2 51. Kf4 Bb1 52. a3 Ba2 53. Bg7 Ke7 54. Ke5 Bb3 55. Bf6+ Kd7 56. Bg5 a5 57. Be3 a4 58. Bxc5 Ba2 59. Kf6 Bb3 60. Bd4 Ke8 61. e5 Kf8 62. Bc5+ Ke8 63. Kg7 Bc4 64. b4 axb3 65. Bd4 Kd7 66. Bb2 Kc6 67. Kf6 Kd7 68. a4 Kc6 69. Ke7 Kc5 70. Bc3 b2 71. Bxb2 Kb4 72. e6 Bxe6 73. fxe6 fxe6 1/2-1/2

[Event "EYCC Open U8 2018"]
[Site "Riga"]
[Date "2018.08.26"]
[Round "6"]
[White "Lebedev, Artem S"]
[Black "Golovchenko, Bogdan"]
[Result "0-1"]
[ECO "B20"]
[WhiteElo "1334"]
[BlackElo "1560"]
[Annotator "NA"]
[PlyCount "104"]
[EventDate "2018.08.20"]
[EventType "swiss"]
[EventCountry "LAT"]
[SourceTitle "playchess.com"]
[Source "ChessBase"]
[SourceQuality "1"]
[TimeControl "40/5400+30:1800+30"]

1. e4 c5 2. b4 d6 3. bxc5 dxc5 4. Nc3 Nc6 5. Nf3 g6 6. Bc4 Bg7 7. Bb2 Nf6 8. Rb1 O-O 9. O-O a6 10. a4 Bg4 11. Be2 Bxf3 12. Bxf3 Nd4 13. d3 Nd7 14. Re1 Nxf3+ 15. Qxf3 Qa5 16. d4 Bxd4 17. Red1 Ne5 18. Qg3 Nc4 19. Rxd4 cxd4 20. Nd5 Nxb2 21. Qe5 Qxd5 22. Qxd5 Nxa4 23. Qxd4 b5 24. h3 Rac8 25. Qd3 Rfd8 26. Qa3 Rd7 27. Qg3 Nc3 28. Re1 Rd1 29. Qe3 Rxe1+ 30. Qxe1 a5 31. f4 a4 32. f5 a3 33. fxg6 hxg6 34. e5 a2 35. e6 f6 36. Kh2 b4 37. Qg3 Kg7 38. h4 a1=Q 39. h5 g5 40. Qd3 Ne4 41. Qxe4 Qe5+ 42. Qxe5 fxe5 43. Kg3 Rxc2 44. Kg4 Rxg2+ 45. Kf5 b3 46. h6+ Kxh6 47. Kxe5 b2 48. Kd5 b1=Q 49. Kc6 Rc2+ 50. Kd7 Qb7+ 51. Ke8 Kg7 52. Kd8 Rc8# 0-1

[Event "EYCC Open U8 2018"]
[Site "Riga"]
[Date "2018.08.26"]
[Round "6"]
[White "Gordeev, Denis"]
[Black "Yasmo, Daniil"]
[Result "1-0"]
[ECO "B01"]
[WhiteElo "1333"]
[BlackElo "1261"]
[Annotator "NA"]
[PlyCount "91"]
[EventDate "2018.08.20"]
[EventType "swiss"]
[EventCountry "LAT"]
[SourceTitle "playchess.com"]
[Source "ChessBase"]
[SourceQuality "1"]
[TimeControl "40/5400+30:1800+30"]

1. e4 d5 2. exd5 Qxd5 3. Nc3 Qd6 4. d4 Nf6 5. Nf3 a6 6. g3 Bg4 7. Bg2 Nc6 8. O-O O-O-O 9. d5 Ne5 10. Bf4 Nxf3+ 11. Bxf3 Bxf3 12. Qxf3 e5 13. dxe6 Qxe6 14. Rfe1 Qf5 15. Re5 Qg4 16. Qg2 h6 17. h3 Qd7 18. Ra5 Kb8 19. Rd1 Qc8 20. Rxd8 Qxd8 21. Nd5 Nxd5 22. Rxd5 Qc8 23. Qe4 Bd6 24. Bxd6 cxd6 25. Rxd6 Re8 26. Qf4 Re1+ 27. Kg2 Ka7 28. Qd4+ Kb8 29. Rd8 Re8 30. Rxc8+ Rxc8 31. c3 f6 32. Qd6+ Rc7 33. Qf8+ Ka7 34. Qd6 Rf7 35. c4 b6 36. Kf3 Rb7 37. Kf4 Rf7 38. Kf5 Rb7 39. Kg6 Ka8 40. b4 Ka7 41. c5 bxc5 42. bxc5 f5 43. c6 Rb6 44. Qc7+ Ka8 45. Qxb6 a5 46. Qb7# 1-0

[Event "EYCC Open U8 2018"]
[Site "Riga"]
[Date "2018.08.26"]
[Round "6"]
[White "Uskov, Artem"]
[Black "Yonal, Timur"]
[Result "1-0"]
[ECO "B42"]
[WhiteElo "1320"]
[BlackElo "1446"]
[Annotator "NA"]
[PlyCount "115"]
[EventDate "2018.08.20"]
[EventType "swiss"]
[EventCountry "LAT"]
[SourceTitle "playchess.com"]
[Source "ChessBase"]
[SourceQuality "1"]
[TimeControl "40/5400+30:1800+30"]

1. e4 c5 2. Nf3 e6 3. d4 cxd4 4. Nxd4 a6 5. Bd3 Nc6 6. Nb3 d6 7. O-O Be7 8. Be3 Qc7 9. Nc3 b5 10. f4 Nf6 11. h3 Bb7 12. Ne2 O-O 13. Ng3 Rfd8 14. Qe2 Bf8 15. Rad1 Rac8 16. a3 g6 17. Qf2 Nd7 18. f5 Nce5 19. Nd2 Bg7 20. Nf3 Nxf3+ 21. Qxf3 Rf8 22. fxe6 fxe6 23. Qg4 Rxf1+ 24. Rxf1 Nf8 25. b3 Kh8 26. h4 Qc3 27. Ne2 Qc7 28. h5 e5 29. h6 Re8 30. hxg7+ Qxg7 31. Qf3 Kg8 32. Qf6 Qd7 33. Bh6 Ne6 34. c4 Bc6 35. Nc3 b4 36. axb4 Bb7 37. c5 d5 38. exd5 Nf4 39. Bxf4 exf4 40. c6 Bxc6 41. Qxc6 Qa7+ 42. Qc5 Qd7 43. Bc4 Qg7 44. d6+ Kh8 45. Rxf4 Qxc3 46. Qd4+ Qxd4+ 47. Rxd4 Kg7 48. Bxa6 Kf6 49. b5 Ke5 50. Rd1 Ke6 51. d7 Rd8 52. b6 Rxd7 53. Bc8 Ke7 54. Rxd7+ Ke8 55. b7 g5 56. Rxh7 g4 57. Bf5 g3 58. b8=R# 1-0

[Event "EYCC Open U8 2018"]
[Site "Riga"]
[Date "2018.08.27"]
[Round "7"]
[White "Azadaliyev, Jahandar"]
[Black "Gordeev, Denis"]
[Result "1-0"]
[ECO "D20"]
[WhiteElo "1732"]
[BlackElo "1333"]
[Annotator "NA"]
[PlyCount "95"]
[EventDate "2018.08.20"]
[EventType "swiss"]
[EventCountry "LAT"]
[SourceTitle "playchess.com"]
[Source "ChessBase"]
[SourceQuality "1"]
[TimeControl "40/5400+30:1800+30"]

1. d4 d5 2. c4 dxc4 3. e3 e5 4. Bxc4 exd4 5. exd4 Nf6 6. Nf3 Be7 7. O-O O-O 8. h3 Nbd7 9. Nc3 Nb6 10. Bb3 c6 11. Re1 Nbd5 12. a3 Re8 13. Qc2 h6 14. Bd2 Be6 15. Bxh6 Qd6 16. Bd2 Nd7 17. Nxd5 Bxd5 18. Bb4 Qf6 19. Bxe7 Rxe7 20. Bxd5 cxd5 21. Qb3 Nb6 22. Rxe7 Qxe7 23. Re1 Qd6 24. Ne5 Rc8 25. Qf3 Qf8 26. Qf5 Rc7 27. Re3 Re7 28. Rg3 Re6 29. Rg4 Rh6 30. Qg5 Rh7 31. Rf4 f6 32. Qg4 Qe8 33. Rxf6 Qe7 34. Re6 Qf8 35. Ng6 Qd8 36. Ne7+ Kh8 37. Qe2 Rh6 38. Rxh6+ gxh6 39. Qe5+ Kh7 40. Qf5+ Kg7 41. Qg6+ Kf8 42. Nf5 Qc7 43. Qxh6+ Kg8 44. Qg5+ Kf8 45. Qf6+ Kg8 46. Ne7+ Kh7 47. Qg6+ Kh8 48. Qg8# 1-0

[Event "EYCC Open U8 2018"]
[Site "Riga"]
[Date "2018.08.27"]
[Round "7"]
[White "Golovchenko, Bogdan"]
[Black "Averin, Nikolay"]
[Result "1-0"]
[ECO "B02"]
[WhiteElo "1560"]
[BlackElo "1438"]
[Annotator "NA"]
[PlyCount "161"]
[EventDate "2018.08.20"]
[EventType "swiss"]
[EventCountry "LAT"]
[SourceTitle "playchess.com"]
[Source "ChessBase"]
[SourceQuality "1"]
[TimeControl "40/5400+30:1800+30"]

1. e4 Nf6 2. Nc3 d5 3. e5 Nfd7 4. e6 fxe6 5. d4 g6 6. h4 Nf6 7. h5 Rg8 8. hxg6 hxg6 9. Nf3 Nc6 10. Bb5 Qd6 11. Ne5 g5 12. Qd3 Bd7 13. Bxc6 Bxc6 14. Be3 Bd7 15. Rh8 Rxh8 16. Qg6+ Kd8 17. Nf7+ Kc8 18. Nxd6+ cxd6 19. O-O-O Rg8 20. Qd3 a6 21. f3 Kb8 22. g4 Ka7 23. Qd2 Bh6 24. Ne2 Raf8 25. Rh1 Rh8 26. Ng3 Be8 27. Bxg5 Bxg5 28. Qxg5 Rxh1+ 29. Nxh1 Rh8 30. Nf2 Rh2 31. Qe3 Bf7 32. Nd3 Rh1+ 33. Kd2 Rh2+ 34. Kc3 Rh8 35. Nf4 Rc8+ 36. Kd2 Rg8 37. c4 dxc4 38. d5+ Kb8 39. dxe6 Be8 40. Ne2 Bc6 41. Nd4 Bd5 42. Nf5 Re8 43. g5 Ng8 44. f4 Rf8 45. Ng7 Bc6 46. Qd4 Kc7 47. f5 Kd8 48. f6 Nxf6 49. gxf6 Rxf6 50. Qxc4 Rf2+ 51. Kc1 Bb5 52. Qd4 Rf1+ 53. Kc2 Rh1 54. Nf5 Rh2+ 55. Kb3 Rh3+ 56. Kb4 Rh7 57. Nxd6 exd6 58. Qxd6+ Bd7 59. exd7 Rxd7 60. Qf6+ Kc7 61. Kc5 Kb8 62. Kb6 Kc8 63. Qf8+ Rd8 64. Qc5+ Kd7 65. Kxb7 a5 66. Qxa5 Ke8 67. Qxd8+ Kxd8 68. a4 Kd7 69. a5 Kd6 70. a6 Kc5 71. a7 Kb4 72. a8=Q Kb3 73. Qa3+ Kc2 74. Qc3+ Kb1 75. b4 Ka2 76. Kc6 Kb1 77. Qd2 Ka1 78. Kc5 Kb1 79. Kc4 Ka1 80. Kb3 Kb1 81. Qb2# 1-0

[Event "EYCC Open U8 2018"]
[Site "Riga"]
[Date "2018.08.27"]
[Round "7"]
[White "Motoyama, Wesley Winsen"]
[Black "Uskov, Artem"]
[Result "1-0"]
[ECO "B84"]
[WhiteElo "1375"]
[BlackElo "1320"]
[Annotator "NA"]
[PlyCount "132"]
[EventDate "2018.08.20"]
[EventType "swiss"]
[EventCountry "LAT"]
[SourceTitle "playchess.com"]
[Source "ChessBase"]
[SourceQuality "1"]
[TimeControl "40/5400+30:1800+30"]

1. e4 c5 2. Nf3 d6 3. d4 cxd4 4. Nxd4 Nf6 5. Nc3 a6 6. Be2 e6 7. O-O Be7 8. Be3 O-O 9. f4 Nc6 10. Bf3 Bd7 11. Qd2 Rc8 12. g4 Nxd4 13. Bxd4 e5 14. fxe5 dxe5 15. Bxe5 Nxg4 16. Bxg4 Bxg4 17. Qg2 Qb6+ 18. Kh1 Qe6 19. Bd4 Rc4 20. Qg1 f6 21. Rf4 Bh5 22. b3 Rc6 23. Raf1 Bg6 24. Qg2 Rd8 25. Nd5 Bd6 26. Nxf6+ gxf6 27. Rxf6 Qe8 28. e5 Be7 29. R6f4 Bc5 30. Bxc5 Rxc5 31. Qf2 Rxc2 32. Qf3 Qc6 33. Kg1 Qxf3 34. R4xf3 Re2 35. Rc3 Rxe5 36. Rg3 Rd3 37. Rg4 Re4 38. Rg5 Rdd4 39. h3 Re3 40. Kh2 Rd2+ 41. Kg1 Rxh3 42. Rc1 Rxa2 43. Rd5 Rh1+ 44. Kxh1 Be4+ 45. Kg1 Bxd5 46. Rc8+ Kg7 47. Rc7+ Kg6 48. Rd7 Bxb3 49. Rxb7 Bd5 50. Rb6+ Kg5 51. Rd6 Rd2 52. Rd7 h5 53. Rd6 h4 54. Rd8 h3 55. Rh8 h2+ 56. Rxh2 Rxh2 57. Kxh2 a5 58. Kg1 a4 59. Kf1 a3 60. Ke2 a2 61. Kd3 a1=Q 62. Kc2 Qa3 63. Kb1 Qa2+ 64. Kc1 Bc4 65. Kd1 Bd3 66. Ke1 Qe2# 1-0

[Event "EYCC Open U8 2018"]
[Site "Riga"]
[Date "2018.08.27"]
[Round "7"]
[White "Yasmo, Daniil"]
[Black "Hajdu, Marton Abris"]
[Result "0-1"]
[ECO "D02"]
[WhiteElo "1261"]
[BlackElo "1694"]
[Annotator "NA"]
[PlyCount "72"]
[EventDate "2018.08.20"]
[EventType "swiss"]
[EventCountry "LAT"]
[SourceTitle "playchess.com"]
[Source "ChessBase"]
[SourceQuality "1"]
[TimeControl "40/5400+30:1800+30"]

1. d4 Nf6 2. Bf4 d5 3. Nf3 g6 4. e3 Bg7 5. Bd3 Nbd7 6. h3 b6 7. Nbd2 Bb7 8. c3 O-O 9. O-O Ne4 10. Bxe4 dxe4 11. Ng5 Ba6 12. Re1 e5 13. dxe5 Nc5 14. e6 f5 15. g4 Qe8 16. Bxc7 h6 17. Bd6 hxg5 18. Bxf8 Bxf8 19. gxf5 gxf5 20. Qc2 Nd3 21. Qb3 Be7 22. Red1 Qh5 23. Rf1 Qxh3 24. Qa4 Bd6 25. f4 exf3 26. Nxf3 Qg3+ 27. Kh1 Bb7 28. Qc2 Bxf3+ 29. Rxf3 Qxf3+ 30. Kg1 Qxe3+ 31. Kf1 Qf3+ 32. Kg1 Bc5+ 33. Kh2 Nf2 34. Qxf5 Qxf5 35. e7 Qh3+ 36. Kg1 Ng4# 0-1

[Event "EYCC Open U8 2018"]
[Site "Riga"]
[Date "2018.08.27"]
[Round "7"]
[White "Cruceru Uceanu, Tudor Mihai"]
[Black "Zverev, Lev"]
[Result "0-1"]
[ECO "B07"]
[WhiteElo "1257"]
[BlackElo "1682"]
[Annotator "NA"]
[PlyCount "92"]
[EventDate "2018.08.20"]
[EventType "swiss"]
[EventCountry "LAT"]
[SourceTitle "playchess.com"]
[Source "ChessBase"]
[SourceQuality "1"]
[TimeControl "40/5400+30:1800+30"]

1. e4 d6 2. d4 Nf6 3. Nc3 Nbd7 4. Nf3 e5 5. dxe5 dxe5 6. Bg5 Be7 7. Bc4 O-O 8. O-O c6 9. h3 b5 10. Bb3 b4 11. Bxf6 Bxf6 12. Ne2 Qc7 13. Qd2 a5 14. Rad1 Nb6 15. c3 Ba6 16. Rfe1 a4 17. Bc2 Rad8 18. Qc1 c5 19. cxb4 cxb4 20. Ng3 Rc8 21. Bb1 Qb7 22. Qe3 Rfd8 23. Rxd8+ Rxd8 24. Qc5 Nc4 25. b3 Be7 26. Qxe7 Qxe7 27. bxc4 Bxc4 28. Nf5 Qe6 29. Ng5 Qb6 30. Rc1 Ba6 31. Nf3 f6 32. Ne7+ Kf8 33. Nd5 Qa5 34. Nc7 Rc8 35. Ne6+ Kf7 36. Rxc8 Bxc8 37. Ned4 exd4 38. Nxd4 Qd8 39. Bc2 Qxd4 40. Bxa4 Qa1+ 41. Kh2 Qxa2 42. Bd1 b3 43. Bxb3+ Qxb3 44. f3 Qe3 45. Kg3 Ba6 46. Kg4 Qg5# 0-1

[Event "EYCC Open U8 2018"]
[Site "Riga"]
[Date "2018.08.28"]
[Round "8"]
[White "Hajdu, Marton Abris"]
[Black "Zverev, Lev"]
[Result "1-0"]
[ECO "D35"]
[WhiteElo "1694"]
[BlackElo "1682"]
[Annotator "NA RC"]
[PlyCount "117"]
[EventDate "2018.08.20"]
[EventType "swiss"]
[EventCountry "LAT"]
[SourceTitle "playchess.com"]
[Source "ChessBase"]
[SourceQuality "1"]
[TimeControl "40/5400+30:1800+30"]

1. d4 d5 2. c4 e6 3. cxd5 exd5 4. Nc3 Nf6 5. Bg5 Be7 6. Qc2 O-O 7. e3 Nbd7 8. Bd3 h6 9. Bh4 b6 10. Nf3 Bb7 11. O-O c5 12. Rfe1 Re8 13. dxc5 bxc5 14. Bb5 Qc7 15. Rad1 Bc6 16. Bxc6 Qxc6 17. Bg3 Bd6 18. Bxd6 Qxd6 19. Rd2 Qe6 20. Red1 Nb6 21. Nb5 Rec8 22. Nc3 Rab8 23. b3 Rb7 24. Ne2 g5 25. Ng3 Rbc7 26. Qb1 Kf8 27. Rc1 Ne4 28. Rdc2 Nxg3 29. hxg3 Qd6 30. Qa1 f6 31. b4 c4 32. Nd4 Qd7 33. Nf3 Kf7 34. Nd4 Na4 35. a3 a5 36. Ra2 f5 37. Qb1 Kf6 38. g4 fxg4 39. f4 Rf8 40. Rf2 Kg7 41. fxg5 Rxf2 42. gxh6+ Kh8 43. Kxf2 Qf7+ 44. Kg1 Qe7 45. Nf5 Qg5 46. bxa5 Rf7 47. Rf1 Nc3 48. Qb2 d4 49. exd4 Nd5 50. Qb8+ Kh7 51. Qe5 Ne7 52. Nxe7 Rxf1+ 53. Kxf1 Qc1+ 54. Kf2 Qd2+ 55. Kg3 Qd3+ 56. Kh2 Kxh6 57. Nf5+ Kg6 58. Ne7+ Kh6 59. Qf5 1-0

[Event "EYCC Open U8 2018"]
[Site "Riga"]
[Date "2018.08.28"]
[Round "8"]
[White "Gordeev, Denis"]
[Black "Golovchenko, Bogdan"]
[Result "1-0"]
[ECO "D00"]
[WhiteElo "1333"]
[BlackElo "1560"]
[Annotator "NA RC"]
[PlyCount "137"]
[EventDate "2018.08.20"]
[EventType "swiss"]
[EventCountry "LAT"]
[SourceTitle "playchess.com"]
[Source "ChessBase"]
[SourceQuality "1"]
[TimeControl "40/5400+30:1800+30"]

1. d4 d5 2. Nc3 Nf6 3. Bf4 e6 4. e3 a6 5. Nf3 c5 6. a3 Nc6 7. h3 Be7 8. dxc5 Bxc5 9. Bd3 O-O 10. O-O Re8 11. e4 d4 12. Ne2 e5 13. Bg5 b5 14. c3 dxc3 15. Nxc3 Be7 16. Rc1 Bb7 17. Bb1 Qxd1 18. Rfxd1 Red8 19. Kf1 a5 20. Ba2 b4 21. Nd5 Nxd5 22. Bxd5 Bxg5 23. Nxg5 Rac8 24. Nxf7 Rxd5 25. exd5 Kxf7 26. dxc6 Bxc6 27. Ke1 bxa3 28. bxa3 Ke6 29. Rc5 a4 30. Rdc1 Kd6 31. Kd2 Rc7 32. Ke3 h6 33. g3 g5 34. R5c3 h5 35. Rc4 Kd7 36. Rc5 Kd6 37. Kd2 Rc8 38. R5c3 Rc7 39. Rd3+ Ke7 40. Rc5 Ke6 41. Rd8 Rd7+ 42. Rxd7 Bxd7 43. Rc3 g4 44. hxg4 hxg4 45. Rc4 Kd6 46. Kc3 Kd5 47. Rc7 Kd6 48. Ra7 Bc6 49. Ra5 Bd7 50. Kb4 e4 51. Rxa4 Bxa4 52. Kxa4 Kc5 53. Kb3 Kd4 54. Kc2 e3 55. fxe3+ Kxe3 56. a4 Kf3 57. a5 Kxg3 58. a6 Kf2 59. a7 g3 60. a8=Q g2 61. Qf8+ Kg3 62. Qg7+ Kh2 63. Qh6+ Kg3 64. Qg5+ Kf2 65. Qf4+ Kg1 66. Kd2 Kh1 67. Qh4+ Kg1 68. Ke3 Kf1 69. Qf2# 1-0

[Event "EYCC Open U8 2018"]
[Site "Riga"]
[Date "2018.08.28"]
[Round "8"]
[White "Uskov, Artem"]
[Black "Azadaliyev, Jahandar"]
[Result "0-1"]
[ECO "B13"]
[WhiteElo "1320"]
[BlackElo "1732"]
[Annotator "NA RC"]
[PlyCount "122"]
[EventDate "2018.08.20"]
[EventType "swiss"]
[EventCountry "LAT"]
[SourceTitle "playchess.com"]
[Source "ChessBase"]
[SourceQuality "1"]
[TimeControl "40/5400+30:1800+30"]

1. e4 c6 2. d4 d5 3. exd5 cxd5 4. Bd3 Nc6 5. c3 Nf6 6. Bf4 Bg4 7. Qb3 Qc8 8. Nd2 e6 9. Ngf3 Be7 10. O-O O-O 11. Ne5 Bh5 12. Rfe1 Nxe5 13. Bxe5 Qd7 14. a4 Ng4 15. Qc2 Bg6 16. Nf3 a6 17. h3 Nh6 18. Bh2 Bd6 19. Bxd6 Qxd6 20. Bxg6 hxg6 21. Re2 Nf5 22. Ne5 Rac8 23. Qb3 Rc7 24. Ree1 g5 25. Nd3 a5 26. Red1 g6 27. Ne1 Nh6 28. Qc2 g4 29. Qd3 Kg7 30. Qg3 Qxg3 31. fxg3 g5 32. Nc2 gxh3 33. gxh3 Nf5 34. Rd3 Nd6 35. Na3 b6 36. Rc1 f6 37. Re3 Kf7 38. Rce1 Re8 39. b3 Rc6 40. Rd3 Rec8 41. Ree3 Rb8 42. b4 axb4 43. cxb4 Ra8 44. Rc3 Rxc3 45. Rxc3 Rxa4 46. Nc2 Nc4 47. Kg2 e5 48. dxe5 fxe5 49. Kf3 Ra2 50. h4 g4+ 51. Kxg4 Rxc2 52. Rxc2 Ne3+ 53. Kg5 Nxc2 54. Kf5 e4 55. Kf4 e3 56. Kf3 d4 57. Ke2 Nxb4 58. g4 Nd5 59. h5 Nf4+ 60. Kf3 e2 61. Kf2 d3 0-1